 Dungeon Crawl Stone Soup version 0.30-a0-870-gc5d4c5acee (webtiles) character file.

Game seed: 12173933306232555085

68 Gerhazo the Conjurer (level 4, -4/24 HPs)
             Began as a Deep Elf Conjurer on Mar 11, 2023.
             Slain by a hornet (15 damage)
             ... while paralysed by a hornet
             ... on level 4 of the Dungeon.
             The game lasted 00:01:44 (1076 turns).

Gerhazo the Conjurer (Deep Elf Conjurer)            Turns: 1076, Time: 00:01:45

Health: -4/24      AC:  2    Str:  4    XL:     4   Next: 1%
Magic:  12/12      EV:  2    Int: 25    God:
Gold:   21         SH:  0    Dex: 13    Spells: 8/11 levels left

rFire   . . .      SeeInvis .    (no weapon)
rCold   . . .      Faith    .    (no shield)
rNeg    . . .      Spirit   .    a - +0 robe
rPois   .          Reflect  .    (no helmet)
rElec   .          Rampage  .    (no cloak)
rCorr   .                        (no gloves)
Will    .....                    (no boots)
Stlth   ++                       (no amulet)
HPRegen 0.24/turn                (no ring)
MPRegen 0.13/turn                (no ring)

@: paralysed, slowed
A: no striking features
a: no special abilities


You were on level 4 of the Dungeon.
You visited 1 branch of the dungeon, and saw 4 of its levels.

You collected 21 gold pieces.

Inventory:

Missiles
 h - 4 poisoned darts
Armour
 a - a +0 robe (worn)
Scrolls
 e - 2 scrolls of identify {unknown}
 f - a scroll of amnesia {unknown}
 i - a scroll of fog {unknown}
Potions
 b - 2 potions of magic
 c - a potion of mutation {unknown}
 d - 2 potions of brilliance {unknown}
 g - a potion of invisibility {unknown}
 j - a potion of degeneration {unknown}
 k - a potion of heal wounds {unknown}


   Skills:
 - Level 2.4 Dodging
 - Level 2.4 Stealth
 + Level 4.1 Spellcasting
 * Level 5.6 Conjurations


You had 8 spell levels left.
You knew the following spells:

 Your Spells              Type           Power      Damage    Failure   Level
a - Magic Dart            Conj           100%       1d8       1%          1
b - Searing Ray           Conj           66%        2d6       1%          2

Your spell library contained the following spells:

 Spells                   Type           Power      Damage    Failure   Level
 Dazzling Flash           Conj/Hex       38%        N/A       9%          3
 Fulminant Prism          Conj/Hex       9%         3d7       28%         4
 Iskenderun's Mystic Bla  Conj/Tloc      19%        2d6       28%         4


Dungeon Overview and Level Annotations

Branches:
Dungeon (4/15)
 Temple: D:4-7

Altars:


Message History

The hobgoblin is heavily wounded.
The searing ray hits the hobgoblin.
You kill the hobgoblin!
The goblin shouts!
The searing ray hits the goblin!
You kill the goblin! (Press . to maintain the ray.)
A quokka comes into view.
A quokka is nearby!
A jelly comes into view.
A giant cockroach comes into view.
The searing ray hits the quokka!
You kill the quokka! (Press . to maintain the ray.)
You can't see any susceptible monsters within range! (Use Z to cast anyway.)
The searing ray hits the jelly.
The jelly is moderately wounded. (Press . to maintain the ray.)
The searing ray hits the jelly!
You kill the jelly!
Your Spellcasting skill increases to level 4!
You start resting.
Magic restored.
The searing ray hits the giant cockroach.
You kill the giant cockroach! (Press . to maintain the ray.)
You have reached level 4!
You feel clever.
A kobold comes into view. It is wielding a +0 whip.
A hornet comes into view.
The hornet buzzes angrily.
The kobold throws a stone.
The stone barely misses you.
The kobold throws a stone.
The stone completely misses you. The hornet barely misses you.
The hornet attacks as you move away! The hornet stings you!
You suddenly lose the ability to move!
The hornet stings you.
You feel yourself slow down. The hornet stings you!
Ouch! That really hurt!
You die...

.......... ## #....... .#
#####..... ##.###
#.....K.# .. ###....#
#.......# ... #......#
#.......# #.... .......#
#.......#.#...# .......#
#.....y.#...... .....#
#####.@.#...... †....#
##.........
.....###########.........
####....##.....#....###..
####.##.....#....#
#.............#
###.)....##.###
#.........# #.......###


You could see a hornet and a kobold.

Vanquished Creatures
  A jelly (D:4)
  An adder (D:2)
  A worm (D:3)
  3 ball pythons
  4 endoplasms
  2 giant cockroaches
  2 hobgoblins (D:4)
  A kobold (D:2)
  A quokka (D:4)
  A frilled lizard (D:1)
  5 goblins
  2 rats (D:1)
24 creatures vanquished.

Notes
Turn   | Place    | Note
-------+----------+-------------------------------------------
     0 | D:1      | Gerhazo the Deep Elf Conjurer began the quest for the Orb.
     0 | D:1      | Reached XP level 1. HP: 10/10 MP: 6/6
   266 | D:1      | Reached XP level 2. HP: 15/15 MP: 5/8
   302 | D:1      | Learned a level 2 spell: Searing Ray
   443 | D:2      | Reached skill level 5 in Conjurations
   778 | D:3      | Reached XP level 3. HP: 19/19 MP: 3/10
  1050 | D:4      | Reached XP level 4. HP: 24/24 MP: 9/12
  1070 | D:4      | Noticed a hornet
  1075 | D:4      | Paralysed by a hornet for 3 turns
  1076 | D:4      | Slain by a hornet

Illustrated notes

Levels and vault maps discovered:
D:1:      lightli_arrival_lavapool, layout_loops_cross, feat_on_display
D:2:      layout_basic, minmay_joined_circles
D:3:      minmay_chambers_of_twos, layout_loops_ring, lemuel_crystal_altar,
          uniq_robin
D:4:      layout_basic, grunt_gozag_statues, nicolae_goblin_pals

Skill      XL: |  1  2  3 |
---------------+----------+-----
Conjurations   | 5 |  5.6
Spellcasting   | 4 |  4.1
Dodging        | |  2.4
Stealth        | |  2.4

Action                     |  1- 3 |  4- 6 || total
---------------------------+-------+-------++-------
  Melee: Unarmed           |     2 |       ||     2
   Cast: Magic Dart        |    12 |       ||    12
         Searing Ray       |    16 |       ||    16
 Armour: Robe              |     1 |       ||     1
  Dodge: Dodged            |     2 |     3 ||     5

Table legend: (Time is in decaauts)
 A = Elapsed time spent in this place.
 B = Non-inter-level travel time spent in this place.
 C = Inter-level travel time spent in this place.
 D = Time resting spent in this place.
 E = Time spent auto-exploring this place.
 F = Levels seen in this place.
 G = Mean time per level.
                   A        B        C        D        E       F      G
               +--------+--------+--------+--------+--------+-----+--------+
         Total |   1075 |   1075 |      0 |     94 |    733 |   4 |  268.8 |
       Dungeon |   1075 |   1075 |      0 |     94 |    733 |   4 |  268.8 |
               +--------+--------+--------+--------+--------+-----+--------+

Top non-repeatable levels by time:
     D:2: 434 daAuts
     D:1: 333 daAuts
     D:4: 206 daAuts
     D:3: 100 daAuts
